 Dungeon Crawl Stone Soup version 0.30.1-11-g7821555f0a (webtiles) character file.

Game seed: 14110555952098661951

95 lonewolfV2 the Trooper (level 4, -21/37 HPs)
             Began as a Demonspawn Fighter on Oct 30, 2023.
             Demolished by an ogre
             ... wielding a +0 giant spiked club
              (34 damage)
             ... on level 3 of the Dungeon.
             The game lasted 00:04:21 (1917 turns).

lonewolfV2 the Trooper (Demonspawn Fighter)         Turns: 1917, Time: 00:04:22

Health: -21/37     AC:  6    Str: 16    XL:     4   Next: 39%
Magic:  4/4        EV:  8    Int:  9    God:
Gold:   157        SH:  5    Dex: 15    Spells: 3/3 levels left

rFire   . . .        a - +0 war axe
rCold   . . .        c - +0 buckler
rNeg    . . .        b - +0 scale mail
rPois   .            (helmet restricted)
rElec   .            (no cloak)
rCorr   .            (no gloves)
SInv    .            (no boots)
Will    .....        (no amulet) Stlth
                     j - ring of flight
HPRegen 0.26/turn    (no ring)
MPRegen 0.09/turn

%: no passive effects
@: mighty, flying
A: antennae 2, foul stench 1
a: no special abilities


You were on level 3 of the Dungeon.
You visited 1 branch of the dungeon, and saw 3 of its levels.

You collected 157 gold pieces.

Inventory:

Hand Weapons
 a - a +0 war axe (weapon)
Armour
 b - a +0 scale mail (worn)
 c - a +0 buckler (worn)
Jewellery
 j - a ring of flight (left hand)
Scrolls
 f - a scroll of vulnerability {unknown}
 i - 3 scrolls of teleportation
 m - a scroll of blinking
Potions
 e - 2 potions of curing {unknown}
 h - a potion of degeneration
 k - a potion of ambrosia
 n - 2 potions of brilliance


   Skills:
 + Level 3.8 Fighting
 * Level 3.6 Axes
 - Level 2.6 Armour
 - Level 2.6 Shields


You had 3 spell levels left.
You didn't know any spells.
Your spell library contained the following spells:

 Spells                   Type           Power      Damage    Failure   Level
 Dazzling Flash           Conj/Hex       0%         N/A       99%         3
 Volatile Blastmotes      Fire/Tloc      0%         2d10      99%         3
 Iskenderun's Mystic Bla  Conj/Tloc      0%         2d3       100%        4
 Starburst                Conj/Fire      0%         6d3       100%        6


Dungeon Overview and Level Annotations

Branches:
Dungeon (3/15)

Altars:

Shops:
D:1 (


Innate Abilities, Weirdness & Mutations

You have a pair of antennae on your head.
You may rarely emit foul miasma when damaged in melee.


Message History

The giant cockroach is engulfed in dark miasma.
The giant cockroach is poisoned.
The giant cockroach seems to slow down.
You kill the giant cockroach!
The kobold hits you but does no damage.
You see here a giant cockroach corpse.
You barely miss the kobold.
The kobold hits you with a +0 short sword. x2
You hit the kobold.
The kobold is severely wounded.
You block the kobold's attack.
You barely miss the kobold.
The kobold is severely wounded.
The kobold hits you but does no damage.
You hit the kobold.
You kill the kobold!
Things that are here:
a +0 short sword; a stone; a kobold corpse You pick up a book of Spectacle and begin reading...
You add the spells Volatile Blastmotes, Dazzling Flash, Iskenderun's Mystic Blast and Starburst to your library.
Could not explore, unopened door.
Could not explore, unopened door.
Could not explore, unopened door.
You reach down and open the door.
Found a pair of boots and 13 gold pieces.
There is an open door here.
You now have 157 gold pieces (gained 13).
Found a stone staircase leading down.
You sense a monster nearby.
An ogre comes into view. It is wielding a +0 giant spiked club.
The ogre shouts!
You feel very mighty all of a sudden.
The ogre hits you with a +0 giant spiked club!!
Ouch! That really hurt!
You emit a cloud of foul miasma!
You slash the ogre!
The ogre is heavily wounded.
The ogre is engulfed in dark miasma.
The ogre is poisoned.
The ogre hits you with a +0 giant spiked club!!
Ouch! That really hurt!
You die...

..........#
.....?....#
..........+
..........#
..........+
..........#.#####+###
........O........>....
#@######.........
#.....##.........
#######.##........
..................
#######.#......##
....+......+
###.##......####
#............... #....
..#.##.......###


You could see an ogre (poisoned).

Vanquished Creatures
  4 adders
  A worm (D:3)
  A dart slug (D:3)
  An orc (D:3)
  5 bats
  7 endoplasms
  2 giant cockroaches
  4 hobgoblins (D:1)
  9 kobolds
  6 quokkas
  4 ball pythons (D:1)
  A frilled lizard (D:1)
  2 goblins (D:2)
  5 rats
52 creatures vanquished.

Notes
Turn   | Place    | Note
-------+----------+-------------------------------------------
     0 | D:1      | lonewolfV2 the Demonspawn Fighter began the quest for the
                  | Orb.
     0 | D:1      | Reached XP level 1. HP: 18/18 MP: 1/1
   235 | D:1      | Gained mutation: You have a pair of small antennae on your
                  | head. [demonic ancestry]
   235 | D:1      | Reached XP level 2. HP: 9/24 MP: 2/2
   326 | D:1      | Found Higetit's Antique Weapon Shoppe.
   871 | D:2      | Gained mutation: You have a pair of antennae on your head.
                  | [demonic ancestry]
   871 | D:2      | Reached XP level 3. HP: 25/29 MP: 3/3
  1661 | D:3      | Gained mutation: You may rarely emit foul miasma when
                  | damaged in melee. [demonic ancestry]
  1661 | D:3      | Reached XP level 4. HP: 36/37 MP: 4/4
  1913 | D:3      | Noticed an ogre
  1917 | D:3      | Demolished by an ogre

Illustrated notes

Levels and vault maps discovered:
D:1:      dpeg_arrival_round_b, layout_rooms, serial_shops, shop
D:2:      layout_basic
D:3:      layout_basic

Skill      XL: |  1  2  3 |
---------------+----------+-----
Axes           | 2 3 |  3.6
Fighting       | |  3.8
Armour         | |  2.6
Shields        | |  2.6

Action                     |  1- 3 |  4- 6 || total
---------------------------+-------+-------++-------
  Melee: War axe           |   125 |    37 ||   162
    Use: Scroll            |     8 |       ||     8
         Potion            |       |     1 ||     1
 Armour: Scale mail        |    88 |    23 ||   111
  Dodge: Dodged            |    72 |    12 ||    84
  Block: Buckler           |    52 |    15 ||    67
